 Dungeon Crawl Stone Soup version 0.26-a0-651-gb41185065b (webtiles) character file.

Game seed: 9538206795944503243

(classic levelgen) 609 EnegeticOcto the Cleaver (level 7, 0/61 HPs)
             Began as a Deep Dwarf Fighter on Oct 23, 2020.
             Was an Initiate of Makhleb.
             Shot with an arrow by a centaur (14 damage)
             ... on level 8 of the Dungeon.
             The game lasted 00:04:25 (718 turns).

EnegeticOcto the Cleaver (Deep Dwarf Fighter)        Turns: 718, Time: 00:04:26

Health: 0/61       AC:  9    Str: 20      XL:     7   Next: 19%
Magic:  7/7        EV:  5    Int: 10      God:    Makhleb [......]
Gold:   65         SH:  9    Dex: 10 (12) Spells: 7/7 levels left

rFire    . . .     SeeInvis .   e - +0 war axe (flame)
rCold    . . .     Faith    .   c - +0 kite shield
rNeg     . . .     Spirit   .   i - +0 chain mail
rPois    .         Reflect  .   (no helmet)
rElec    .         Harm     .   (no cloak)
rCorr    .         Rampage  .   (no gloves)
MR       +....                  (no boots)
Stlth    ..........             (no amulet)
HPRegen  0.00/turn              (no ring)
MPRegen  0.10/turn              (no ring)

@: non-regenerating
A: damage resistance, heal wounds, sense surroundings 1, no regeneration
a: Heal Wounds, Renounce Religion


You were on level 8 of the Dungeon.
You worshipped Makhleb.
Makhleb was noncommittal.
You visited 1 branch of the dungeon, and saw 8 of its levels.

You collected 65 gold pieces.

Inventory:

Hand Weapons
 a - a +1 war axe
 e - a +0 war axe of flaming (weapon)
Missiles
 h - 8 curare-tipped darts (quivered)
Armour
 b - a +0 scale mail
 c - a +0 kite shield (worn)
 g - +0 acid dragon scales
 i - a +0 chain mail (worn)
Wands
 k - a wand of iceblast (4) {@v2}
Scrolls
 m - a scroll of noise {unknown}
Potions
 d - a potion of might {@q3}
 f - a potion of resistance {@q5}
 j - a potion of invisibility {unknown}
 l - a potion of mutation {unknown}
 n - 2 potions of curing {unknown}


   Skills:
 - Level 2.6 Fighting
 * Level 8.6 Axes
 - Level 3.2 Armour
 - Level 3.2 Shields
 + Level 0.5 Spellcasting
 + Level 1.2 Invocations


You had 7 spell levels left.
You didn't know any spells.
Your spell library was empty.

Dungeon Overview and Level Annotations

Branches:
Dungeon (8/15)
 Temple: D:4-7         Lair: D:8-11

Altars:
Hepliaklqana
Makhleb

Annotations:
D:4 Grinder


Innate Abilities, Weirdness & Mutations

You are resistant to damage.
You can heal yourself by infusing magical energy.
You passively map a small area around you.
You do not regenerate.


Message History

The quasit claws you but does no damage.
The quasit completely misses you.
Found a stone staircase leading down.
You hit the quasit.
The quasit is moderately wounded.
You block the quasit's attack.
The quasit claws you but does no damage.
The quasit barely misses you.
You barely miss the quasit.
The quasit is moderately wounded.
The quasit bites you but does no damage.
You block the quasit's attack. The quasit barely misses you.
The quasit completely misses you. The quasit claws you.
The quasit claws you but does no damage.
You miss the quasit.
The quasit is moderately wounded.
The quasit bites you but does no damage.
You block the quasit's attack.
The quasit claws you but does no damage.
The quasit bites you but does no damage.
You block the quasit's attack.
The quasit claws you but does no damage.
You barely miss the quasit.
The quasit is moderately wounded.
The quasit barely misses you. The quasit closely misses you.
The quasit claws you but does no damage.
You hit the quasit.
The quasit is moderately wounded.
The quasit bites you but does no damage.
You block the quasit's attack.
The quasit claws you but does no damage.
The quasit bites you.
You feel clumsy. The quasit barely misses you.
The quasit claws you but does no damage.
You miss the quasit.
The quasit is moderately wounded.
The quasit bites you but does no damage.
You block the quasit's attack.
The quasit claws you but does no damage.
You hit the quasit but do no damage.
The quasit is moderately wounded.
The quasit bites you but does no damage.
The quasit claws you but does no damage.
The quasit barely misses you. You block the quasit's attack.
The quasit barely misses you. The quasit claws you.
You feel clumsy.
You slice the quasit!! You burn the quasit.
You kill the quasit!
Makhleb accepts your kill.
Your Invocations skill increases to level 1!
No target in view!
An adder comes into view.
The adder hisses angrily.
You hit the adder. You burn the adder.
The adder is almost dead.
You block the adder's attack.
Your chain mail prevents you from hitting the adder.
The adder is almost dead.
You block the adder's attack. The adder barely misses you.
You slash the adder! You burn the adder.
You kill the adder!
Makhleb accepts your kill.
You see here an adder corpse.
There is a stone staircase leading down here.
You climb downwards.
Found a stone staircase leading down.
There is a stone staircase leading up here.
Found a stone staircase leading down.
There is a stone staircase leading down here.
You climb downwards.
Found 16 arrows.
There is a stone staircase leading up here.
An orc comes into view.
The orc shouts!
You hear a shout! x2
A centaur comes into view.
The centaur shouts!
The centaur wields a +3 shortbow.
The centaur shoots an arrow.
You block the arrow.
Found a long fluorescent wand and a scroll of identify.
You see here an arrow.
The centaur shoots an arrow.
The arrow hits you!
You see here an arrow.
A sky beast comes into view.
The sky beast flickers out of sight!
Deactivating autopickup; reactivate with Ctrl-A.
Found a scroll of identify.
Found a stone staircase leading up.
An orc warrior comes into view. It is wielding a +0 long sword.
The centaur shoots an arrow.
The arrow hits you but does no damage.
Things that are here:
an arrow; a wand of iceblast (4) {@v2}
k - a wand of iceblast (4) {@v2} The centaur shoots an arrow.
The arrow hits you! Something hits you. Something shocks you.
* * * LOW HITPOINT WARNING * * *
The centaur shoots an arrow.
The arrow hits you.
* * * LOW HITPOINT WARNING * * *
You fail to use your ability.
You block something's attack.
The centaur shoots an arrow.
The arrow hits you!
You die...

... * * , .... , , ,
, * ....* * # , ... *
.# * +
##+#.############.##
......c............#.
, ,#.............?...
* , #.(.o....{....#,
#.####..@?....# *
#....#.###..#... ,
,#<..(#.. * .... *
*####.#<#. ##.# * ,
...#.# ,# * #o# # * ,
* * .... , * * ,
,..#. , , * ,, * ,


You could see a centaur and an orc.

Vanquished Creatures
  Maggie (D:6)
  Menkaure (D:4)
  A bullfrog zombie (D:6)
  A quasit (D:6)
  An orc wizard (D:3)
  A hound zombie (D:6)
  A hound skeleton (D:3)
  6 adders
  An ooze (D:4)
  2 worms
  A leopard gecko (D:6)
  10 orcs
  2 goblins
  A hobgoblin (D:3)
  3 jackals (D:3)
  2 kobolds
  A quokka (D:3)
  2 bats (D:3)
  A giant cockroach zombie (D:6)
  6 rats
45 creatures vanquished.

Notes
Turn   | Place    | Note
-------+----------+-------------------------------------------
     0 | D:1      | EnegeticOcto the Deep Dwarf Fighter began the quest for the
                  | Orb.
     0 | D:1      | Reached XP level 1. HP: 20/20 MP: 1/1
    22 | D:2      | Reached skill level 3 in Axes
    22 | D:2      | Reached XP level 2. HP: 27/27 MP: 2/2
   135 | D:3      | Reached skill level 4 in Axes
   135 | D:3      | Reached XP level 3. HP: 31/33 MP: 3/3
   176 | D:3      | Reached skill level 5 in Axes
   176 | D:3      | Reached XP level 4. HP: 31/40 MP: 4/4
   313 | D:4      | Noticed Menkaure
   328 | D:4      | Killed Menkaure
   328 | D:4      | Reached skill level 6 in Axes
   328 | D:4      | Reached XP level 5. HP: 22/46 MP: 5/5
   349 | D:5      | Entered Level 5 of the Dungeon
   411 | D:4      | Noticed Grinder
   427 | D:4      | You fall into a shaft and drop 2 floors!
   508 | D:6      | Noticed Maggie
   529 | D:6      | Killed Maggie
   529 | D:6      | Reached skill level 8 in Axes
   529 | D:6      | Reached XP level 6. HP: 41/55 MP: 6/6
   529 | D:6      | Reached XP level 7. HP: 46/61 MP: 7/7
   569 | D:6      | Found a burning altar of Makhleb.
   574 | D:6      | Became a worshipper of Makhleb the Destroyer
   666 | D:6      | Found a hazy altar of Hepliaklqana.
   683 | D:6      | Reached skill level 1 in Invocations
   718 | D:8      | Shot with an arrow by a centaur

Illustrated notes

Levels and vault maps discovered:
D:1:      tarquinn_simple_flora_water_b, layout_basic
D:2:      kennysheep_big_flooded_room, layout_basic, serial_glass,
          glass_columns_a, glass_columns_a, grunt_gozag_statues, uniq_robin
D:3:      layout_basic
D:4:      layout_loops_ring, chequers_temple_overflow_minitemple,
          ebering_ghost_reflecting_pool, uniq_menkaure, uniq_grinder
D:5:      layout_layer_cave, minmay_temple_entry_stoned_glass, serial_shops,
          shop, minmay_misc_feat_five, kennysheep_generic_room_10
D:6:      layout_basic, kennysheep_little_box, old_standard_altar, uniq_maggie,
          uniq_pikel
D:7:      layout_basic, hangedman_abyss_or_decor_passed, uniq_crazy_yiuf_cottage
D:8:      cheibrodos_two_vegetables, layout_basic, uniq_erica, uniq_joseph,
          uniq_harold, uniq_psyche, uniq_grum

Skill      XL: |  1  2  3  4  5  6  7 |
---------------+----------------------+-----
Axes           | 3 4 5 6 8 |  8.6
Invocations    | 1 |  1.2
Fighting       | |  2.6
Armour         | |  3.2
Shields        | |  3.2
Spellcasting   | |  0.5

Action                   |  1- 3 |  4- 6 |  7- 9 || total
-------------------------+-------+-------+-------++-------
Melee: War axe           |    47 |    60 |    25 ||   132
 Abil: Heal Wounds       |     2 |     4 |       ||     6
  Use: Scroll            |       |     6 |       ||     6
       Potion            |       |     1 |       ||     1
Armor: Scale mail        |    36 |     4 |       ||    40
       Chain mail        |       |    57 |    24 ||    81
Dodge: Dodged            |    31 |    29 |    14 ||    74
Block: Kite shield       |    37 |    56 |    21 ||   114

Table legend: (Time is in decaauts)
 A = Elapsed time spent in this place.
 B = Non-inter-level travel time spent in this place.
 C = Inter-level travel time spent in this place.
 D = Time resting spent in this place.
 E = Time spent auto-exploring this place.
 F = Levels seen in this place.
 G = Mean time per level.
                   A        B        C        D        E       F      G
               +--------+--------+--------+--------+--------+-----+--------+
         Total |    759 |    731 |     28 |      0 |      0 |   8 |   94.9 |
       Dungeon |    759 |    731 |     28 |      0 |      0 |   8 |   94.9 |
               +--------+--------+--------+--------+--------+-----+--------+

Top non-repeatable levels by time:
     D:6: 277 daAuts
     D:3: 205 daAuts
     D:4: 125 daAuts
     D:2: 105 daAuts
     D:1: 17 daAuts
     D:8: 10 daAuts
     D:7: 9 daAuts
     D:5: 8 daAuts
